 Dungeon Crawl Stone Soup version 0.31-a0-743-g45f7035092 (webtiles) character file.

Game seed: 14725387781552810832

59 Hubris850 the Changeling (level 4, 0/32 HPs)
             Began as a Merfolk Shapeshifter on Sept 12, 2023.
             Killed from afar by Sigmund (5 damage)
             ... with a magic dart
             ... on level 3 of the Dungeon.
             The game lasted 00:05:02 (1945 turns).

Hubris850 the Changeling (Merfolk Shapeshifter)     Turns: 1945, Time: 00:05:03

Health: 0/32       AC:  4    Str: 14    XL:     4   Next: 3%
Magic:  4/4        EV: 12    Int: 11    God:
Gold:   119        SH:  0    Dex: 13    Spells: 3/3 levels left

rFire   . . .        j - +2 dagger (speed)
rCold   . . .        (no shield)
rNeg    + + .        m - +1 leather armour {rN+}
rPois   .            k - melded +0 helmet
rElec   .            (cloak currently unavailable)
rCorr   .            (gloves currently unavailable)
SInv    .            (boots currently unavailable)
Will    .....        (no amulet)
Stlth   +            e - ring of positive energy
HPRegen 0.25/turn    (no ring)
MPRegen 0.09/turn

%: no passive effects
@: confused, beast-form
A: beast (slay +2), (nimble swimmer 2), mertail
a: Begin Untransformation


You were on level 3 of the Dungeon.
You were a hulking beast.
You visited 1 branch of the dungeon, and saw 3 of its levels.

You collected 143 gold pieces.
You spent 24 gold pieces at shops.

Inventory:

Hand Weapons
 b - a +1 dagger of distortion
 h - a +0 dagger
 j - a +2 dagger of speed (weapon)
Armour
 a - a +0 animal skin
 k - a +0 helmet (melded)
 m - a +1 leather armour of positive energy (worn)
Jewellery
 e - a ring of positive energy (left hand)
Talismans
 c - a beast talisman (active)
 d - a flux talisman
Scrolls
 f - a scroll of identify
 i - a scroll of enchant armour
Potions
 g - a potion of attraction
 l - a potion of brilliance


   Skills:
 - Level 1.1 Fighting
 + Level 3.0 Short Blades
 - Level 3.3 Dodging
 - Level 3.6 Unarmed Combat
 - Level 4.3 Shapeshifting


You had 3 spell levels left.
You didn't know any spells.
Your spell library contained the following spells:

 Spells                   Type           Power      Damage    Failure   Level
 Slow                     Hex            0%         N/A       41%         1
 Lesser Beckoning         Tloc           0%         N/A       56%         2
 Confusing Touch          Hex            0%         N/A       80%         3
 Gell's Gravitas          Tloc           0%         N/A       80%         3
 Sigil of Binding         Hex            0%         N/A       80%         3
 Teleport Other           Tloc           0%         N/A       80%         3
 Vampiric Draining        Necr           0%         2d6       80%         3
 Conjure Ball Lightning   Conj/Air       0%         3x3d6     100%        6
 Discord                  Hex            0%         N/A       100%        8
 Disjunction              Tloc           0%         N/A       100%        8


Dungeon Overview and Level Annotations

Branches:
Dungeon (3/15)

Altars:

Shops:
D:1 ?

Annotations:
D:3 Sigmund


Innate Abilities, Weirdness & Mutations

You are a hulking beast.
Your limbs bulge with bestial killing power. (Slay +2)
((You are very nimble when in or above water. (Stealth+, EV+, Speed+++)))
Your lower body shifts to a powerful aquatic tail in water.


Message History

Sigmund hits you with a +0 scythe!
You see here a +0 ring mail.
Sigmund closely misses you.
You see here a +0 ring mail.
You barely miss Sigmund.
You bump into the rock wall.
Sigmund casts a spell at you. The magic dart hits you.
You bump into the rock wall.
Sigmund closely misses you.
You bump into the rock wall.
Sigmund closely misses you.
You bump into the rock wall.
You closely miss Sigmund.
Sigmund mumbles some strange words.
Sigmund flickers and vanishes!
Deactivating autopickup; reactivate with Ctrl-A.
You bump into the rock wall.
Something hits you but does no damage.
You bump into the rock wall.
You hit something. Something hits you!
You bump into the rock wall.
You hit something.
You feel less confused.
You hear some strange, mumbled words.
A puff of flame appears from out of thin air!
The puff of flame misses you.
You hit something. You closely miss something. Something hits you!
* * * LOW HITPOINT WARNING * * *
You hit something.
Okay, then.
You barely miss something. Something barely misses you.
You hit something. You miss something. You hit something.
You hear some strange, mumbled words.
You are confused.
You bump into the rock wall.
You hear some strange, mumbled words.
A magic dart appears from out of thin air!
The magic dart hits you.
You die...

#.# #.# #.# #.#
#.# ###.###
#...<.# #
##.....####.#
...........h{.#
#.##.....####.#
.. #.....# # .
........
##########


There were no monsters in sight!

Vanquished Creatures
  2 adders (D:2)
  A dart slug (D:1)
  2 ball pythons (D:2)
  5 endoplasms
  A giant cockroach (D:1)
  5 goblins
  3 hobgoblins
  7 kobolds
  4 bats (D:1)
  2 frilled lizards (D:2)
  4 rats (D:1)
36 creatures vanquished.

Notes
Turn   | Place    | Note
-------+----------+-------------------------------------------
     0 | D:1      | Hubris850 the Merfolk Shapeshifter began the quest for the
                  | Orb.
     0 | D:1      | Reached XP level 1. HP: 15/15 MP: 1/1
   108 | D:1      | Reached XP level 2. HP: 21/21 MP: 2/2
   269 | D:1      | Found Timaill's Magic Scroll Emporium.
   319 | D:1      | Bought a scroll of identify for 24 gold pieces
   566 | D:1      | Reached skill level 1 in Short Blades
   753 | D:1      | Reached XP level 3. HP: 23/26 MP: 3/3
   948 | D:1      | Found a faded altar of an unknown god.
  1427 | D:2      | Reached XP level 4. HP: 32/32 MP: 4/4
  1920 | D:3      | Noticed Sigmund
  1945 | D:3      | Killed from afar by Sigmund

Illustrated notes

Levels and vault maps discovered:
D:1:      kennysheep_arrival_forest, layout_basic,
          hellmonk_ecumenical_altar_defaced_shrine, serial_shops, shop
D:2:      layout_basic, minmay_misc_feat_encased,
          hangedman_abyss_or_decor_stabs, nicolae_elevator_lobby_plus
D:3:      layout_loops_ring, uniq_sigmund

Skill      XL: |  1  2  3  4 |
---------------+-------------+-----
Dodging        | 3 |  3.3
Short Blades   | 1 2 3 |  3.0
Fighting       | |  1.1
Unarmed Combat | |  3.6
Shapeshifting  | |  4.3

Action                     |  1- 3 |  4- 6 || total
---------------------------+-------+-------++-------
  Melee: Unarmed           |    42 |       ||    42
         Punch             |     4 |       ||     4
         Dagger            |    40 |    13 ||    53
Ability: Begin Untransform |     1 |       ||     1
    Use: Scroll            |     5 |     1 ||     6
         Potion            |     1 |       ||     1
 Armour: Animal skin       |    28 |       ||    28
         Leather armour    |    13 |     8 ||    21
  Dodge: Dodged            |    44 |     5 ||    49
   Form: Beast             |     1 |       ||     1

Table legend: (Time is in decaauts)
 A = Elapsed time spent in this place.
 B = Non-inter-level travel time spent in this place.
 C = Inter-level travel time spent in this place.
 D = Time resting spent in this place.
 E = Time spent auto-exploring this place.
 F = Levels seen in this place.
 G = Mean time per level.
                   A        B        C        D        E       F      G
               +--------+--------+--------+--------+--------+-----+--------+
         Total |   1917 |   1853 |     64 |     69 |   1506 |   3 |  639.0 |
       Dungeon |   1917 |   1853 |     64 |     69 |   1506 |   3 |  639.0 |
               +--------+--------+--------+--------+--------+-----+--------+

Top non-repeatable levels by time:
     D:1: 1049 daAuts
     D:2: 846 daAuts
     D:3: 22 daAuts
